 Dungeon Crawl Stone Soup version 0.20-a0-268-gb6bde61 (console) character file.

38403 nht the Brawler (level 13, 0/127 HPs)
             Began as a Troll Monk on Dec 7, 2016.
             Was the Champion of Okawaru.
             Slain by a harpy (3 damage)
             ... summoned by Kirke
             ... on level 14 of the Dungeon.
             The game lasted 00:36:08 (12257 turns).

nht the Brawler (Troll Monk)                       Turns: 12257, Time: 00:36:10

Health: 0/127      AC:  0    Str: 26    XL:     13   Next: 63%
Magic:  16/16      EV: 18    Int:  6    God:    Okawaru [******]
Gold:   748        SH:  0    Dex: 12    Spells: 12/12 levels left

rFire  . . .     SeeInvis .       - Unarmed
rCold  . . .     Gourm    +     (armour currently unavailable)
rNeg   . . .     Faith    .     (shield currently unavailable)
rPois  .         Spirit   .     (helmet currently unavailable)
rElec  .         Reflect  .     (cloak currently unavailable)
rCorr  .         Harm     .     (gloves unavailable)
MR     .....                    (boots unavailable)
Stlth  +++.......               (no amulet)
                                (ring currently unavailable)
                                (ring currently unavailable)

@: pig-form, heroism, slowed
A: unfitting armour, (claws 0), fast metabolism 3, gourmand, regeneration 1,
(shaggy fur 0), (tough skin 0)
a: Heroism, Finesse, Renounce Religion


You were on level 14 of the Dungeon.
You worshipped Okawaru.
Okawaru was exalted by your worship.
You were completely stuffed.
You were a filthy swine.
You visited 1 branch of the dungeon, and saw 14 of its levels.
You also visited: Ice Cave.

You collected 1042 gold pieces.
You spent 294 gold pieces at shops.

Inventory:

Hand Weapons
 V - a +0 blowgun
Missiles
 a - 3 tomahawks of returning
 D - 15 tomahawks (quivered)
 E - 7 throwing nets
 L - 5 curare-tipped needles
 R - 4 poisoned javelins
 T - 24 large rocks
 U - a steel tomahawk
Armour
 g - the +0 cloak of Mumblety Peg (melded) {rCorr Dex+6}
   (Okawaru gifted it to you on level 8 of the Dungeon)

   It affects your dexterity (+6).
   It protects you from acid and corrosion.
 h - the +4 cloak of the Ladybird {+Blink +Inv rF- rCorr}
   (You acquired it on level 6 of the Dungeon)

   It makes you vulnerable to fire.
   It lets you turn invisible.
   It lets you blink.
   It protects you from acid and corrosion.
 j - a +0 shield (melded)
 x - a +1 hat (melded)
 K - the +0 cloak of Coibof {rPois rC+}
   (You found it on level 7 of the Dungeon)

   It protects you from cold.
   It protects you from poison.
 X - a +0 troll leather armour (melded)
 Y - the +2 robe "Hisesk" {rF+ Stlth+}
   (Okawaru gifted it to you on level 12 of the Dungeon)

   It protects you from fire.
   It makes you more stealthy.
 Z - the +1 robe of Submission {Str+3, unknown}
   (Okawaru gifted it to you on level 14 of the Dungeon)

   It affects your strength (+3).
Jewellery
 o - an uncursed ring of protection from cold
 t - an uncursed ring of flight
 G - an uncursed ring of positive energy
 I - a ring of protection from fire (melded)
 O - an uncursed ring of stealth
 P - the ring "Tecloim" (melded) {*Drain rPois Str+5 SInv Stlth+}
   (You found it in an ice cave)

   [ring of see invisible]

   It affects your strength (+5).
   It protects you from poison.
   It lets you see invisible.
   It causes draining when unequipped.
   It makes you more stealthy.
 S - an uncursed ring of poison resistance
Wands
 e - a wand of paralysis (14/24)
 i - a wand of paralysis (5/24)
 n - a wand of lightning (9/15)
 r - a wand of paralysis (11/24)
 H - a wand of lightning (5/15)
 M - a wand of digging (15/24)
Scrolls
 d - 14 scrolls of remove curse
 k - 4 scrolls of magic mapping
 v - a scroll of enchant armour
 w - 2 scrolls of teleportation
 y - 10 scrolls of identify
 F - a scroll of blinking
 J - 2 scrolls of enchant weapon
 Q - 2 scrolls of recharging
Potions
 f - a potion of heal wounds
 m - a potion of agility
 p - 2 potions of might
 s - 8 potions of curing
 A - 4 potions of flight
 C - 4 potions of lignification
 N - 2 potions of haste
 W - a potion of cure mutation
Comestibles
 b - 10 bread rations
 c - 3 slices of pizza
 l - 11 royal jellies
 q - 2 chunks of flesh
 u - 5 meat rations
 z - 7 beef jerkies
 B - 5 fruits


   Skills:
 + Level 8.0(13.0) Fighting
 + Level 8.6(13.6) Throwing
 + Level 4.8(9.8) Armour
 - Level 2.4(7.4) Dodging
 - Level 1.0(6.0) Stealth
 + Level 7.5(12.5) Shields
 * Level 15.4(20.4) Unarmed Combat
 + Level 5.6 Invocations


You had 12 spell levels left.
You didn't know any spells.

Dungeon Overview and Level Annotations

Branches:
Dungeon (14/15)            Temple (0/1) D:4            Lair (0/6) D:11
    Orc (0/2) D:12
 Vaults: D:13-14

Altars:
Cheibriados
Kikubaaqudgha
Nemelex Xobeh
Okawaru
Trog
Xom
Zin

Shops:
D:6 [*:?(   D:7 =   D:9 [   D:10 %   D:13 [

Annotations:
D:14 Kirke


Innate Abilities, Weirdness & Mutations

You are too large for most types of armour.
((You have claws for hands.))
Your metabolism is lightning-fast.
You like to eat raw meat.
Your natural rate of healing is unusually fast.
((You are covered in fur. (AC +1)))
((You have very tough skin. (AC +2)))


Message History

You bite Kirke!
Kirke is almost dead.
The hog bites you. The hog closely misses you. Kirke completely misses you.
The hog bites you! The hog barely misses you.
You barely miss Kirke.
Kirke is almost dead.
The hog bites you. Kirke hits you!
* * * LOW HITPOINT WARNING * * *
The hog misses you. The hog closely misses you. The harpy misses you.
The harpy closely misses you.
You barely miss the harpy. The harpy barely misses you. The harpy claws you!
* * * LOW HITPOINT WARNING * * *
Some of the chunks of flesh in your inventory have rotted away.
A hog comes into view.
The harpy screeches!
The harpy claws you!!
* * * LOW HITPOINT WARNING * * *
The harpy claws you.
You die... @.h... █........█ ..... ██........ .(. ██......... ..█ ██..███.████ ██.██████.......█ ████████.(........███..█ ████

██........██████..█
█.██ ██..█
...██████...█ █.██
█.█ █...█ ...█
███.████h█
██.████.█.█ ..██
█..██.H███.......█.█
..█
██.██.█H......████.█
..█
█.█h@........≈≈♣♣.█
..█
█hH.h...███.≈≈≈≈≈.█
..█ ██████....████
█..P♣P(.█
███████...█...h██
██████.██
██..........)█ █†.█
███..██...██...█
████.███


You could see Kirke, a manticore, 2 harpies and 3 hogs.

Vanquished Creatures
  Rupert (D:14)
  Gastronok (D:8)
  A frost giant (IceCv)
  Nessos (D:13)
  Fannar (D:12)
  2 centaur warriors (D:13)
  2 death yaks (IceCv)
  Sonja (D:10)
  3 unseen horrors
  4 hill giants
  A deep elf archer (D:10)
  4 cyclopes
  An ice statue (IceCv)
  Maurice (D:8)
  3 kobold demonologists (D:12)
  A komodo dragon (D:11)
  4 trolls
  17 polar bears (IceCv)
  A hippogriff (D:9)
  5 slime creatures (D:14)
  A hornet (D:9)
  2 shadows
  3 wyverns
  Grum (D:8)
  12 yaks
  2 hungry ghosts
  2 steam dragons
  7 vampire mosquitoes
  2 wargs (D:12)
  A water moccasin (D:10)
  A soldier ant (D:14)
  3 porcupines (D:11)
  An ice beast (D:11)
  7 orc warriors
  6 sky beasts
  An eye of draining (D:14)
  2 phantoms
  2 black bears
  3 necrophages
  4 centaurs
  24 wolves
  6 ogres
  6 big kobolds
  7 bullfrogs
  3 gnoll sergeants
  A wyvern zombie (D:11)
  A wyvern skeleton (D:11)
  A water moccasin zombie (D:5)
  5 scorpions
  14 killer bees
  8 wights
  4 howler monkeys
  3 electric eels
  7 crimson imps
  3 centaur zombies
  3 quasits
  A bullfrog skeleton (D:12)
  2 bullfrog zombies
  10 jellies
  7 orc priests
  4 hounds
  16 orc wizards
  5 centaur skeletons
  5 iguanas
  12 worker ants
  A hound zombie (D:5)
  A hound skeleton (D:9)
  2 worker ant zombies
  15 gnolls
  11 adders
  A shadow imp (D:6)
  6 oozes
  2 adder zombies (D:5)
  2 adder skeletons
  3 worms
  2 dart slugs (D:1)
  10 leopard geckos
  48 orcs
  A ball python (D:2)
  10 bats
  5 giant cockroaches
  8 goblins
  6 hobgoblins
  5 jackals
  23 kobolds
  7 quokkas
  4 frilled lizards
  A jackal skeleton (D:4)
  A leopard gecko zombie (D:8)
  A quokka skeleton (D:4)
  8 rats
460 creatures vanquished.

Vanquished Creatures (others)
  3 plants
3 creatures vanquished.

Grand Total: 463 creatures vanquished

Notes
Turn   | Place    | Note
-------+----------+-------------------------------------------
     0 | D:1      | nht the Troll Monk began the quest for the Orb.
     0 | D:1      | Reached XP level 1. HP: 22/22 MP: 0/0
   113 | D:1      | Reached XP level 2. HP: 29/29 MP: 1/1
   425 | D:1      | Reached skill level 4 in Unarmed Combat
   631 | D:1      | Reached XP level 3. HP: 36/36 MP: 2/2
  1107 | D:2      | Reached XP level 4. HP: 44/44 MP: 3/3
  1117 | D:2      | Reached skill level 5 in Unarmed Combat
  1229 | D:2      | Found an iron altar of Okawaru.
  1236 | D:2      | Became a worshipper of Warmaster Okawaru
  1236 | D:2      | Reached * piety under Okawaru
  1236 | D:2      | Reached ** piety under Okawaru
  1559 | D:3      | Found a snail-covered altar of Cheibriados.
  2280 | D:3      | Reached XP level 5. HP: 50/50 MP: 4/4
  2299 | D:3      | Found a shimmering altar of Xom.
  2432 | D:4      | Found a staircase to the Ecumenical Temple.
  2435 | D:4      | Reached skill level 6 in Unarmed Combat
  2562 | D:4      | Found a glowing silver altar of Zin.
  2966 | D:5      | Entered Level 5 of the Dungeon
  3029 | D:5      | Reached XP level 6. HP: 49/59 MP: 5/5
  3107 | D:5      | Reached skill level 7 in Unarmed Combat
  3359 | D:5      | Reached *** piety under Okawaru
  3359 | D:5      | Reached skill level 8 in Unarmed Combat
  3359 | D:5      | Reached XP level 7. HP: 64/66 MP: 6/6
  3365 | D:5      | Got an encrusted falchion
  3779 | D:6      | Reached skill level 9 in Unarmed Combat
  3781 | D:6      | Found Kucheror's Magic Scroll Emporium.
  3836 | D:6      | Bought a scroll of magic mapping for 49 gold pieces
  3836 | D:6      | Bought 3 scrolls of identify for 84 gold pieces
  3836 | D:6      | Bought a scroll of identify for 28 gold pieces
  3836 | D:6      | Bought a scroll of identify for 28 gold pieces
  3836 | D:6      | Bought a scroll of blinking for 105 gold pieces
  3899 | D:6      | Found Dojag's Antique Weapon Emporium.
  3938 | D:6      | Found a sparkling altar of Nemelex Xobeh.
  3953 | D:6      | Reached XP level 8. HP: 74/74 MP: 7/7
  3967 | D:6      | Reached **** piety under Okawaru
  4145 | D:6      | Found Mazxirgha's Assorted Antiques.
  4190 | D:6      | Found Orchae's Armour Emporium.
  4197 | D:6      | Reached skill level 10 in Unarmed Combat
  4308 | D:6      | Identified a scroll of acquirement
  4309 | D:6      | Got a faintly glowing cloak
  4351 | D:6      | Identified the +4 cloak of the Ladybird {+Blink +Inv rF- rCorr} (You acquired it on level 6 of the Dungeon)
  4444 | D:6      | Reached skill level 1 in Throwing
  4444 | D:6      | Reached skill level 1 in Shields
  4686 | D:6      | Found Ezaezxi's Book Boutique.
  5046 | D:7      | Found Qeclox's Jewellery Boutique.
  5129 | D:7      | Reached XP level 9. HP: 83/83 MP: 8/8
  5265 | D:7      | Found an ancient bone altar of Kikubaaqudgha.
  5368 | D:7      | Got a dazzling cloak
  5379 | D:7      | Identified the cursed +0 cloak of Coibof {rPois rC+} (You found it on level 7 of the Dungeon)
  5573 | D:8      | Reached ***** piety under Okawaru
  5635 | D:8      | Reached skill level 11 in Unarmed Combat
  5665 | D:8      | Noticed Gastronok
  5687 | D:8      | Killed Gastronok
  5687 | D:8      | Received a gift from Okawaru
  5687 | D:8      | Received a gift from Okawaru
  5687 | D:8      | Reached XP level 10. HP: 61/94 MP: 9/9
  5688 | D:8      | Got an ichor-stained cloak {god gift}
  5703 | D:8      | Identified the +0 cloak of Mumblety Peg {rCorr Dex+6} (Okawaru gifted it to you on level 8 of the Dungeon)
  5925 | D:8      | Noticed Maurice
  5942 | D:8      | Killed Maurice
  5942 | D:8      | Reached skill level 5 in Fighting
  5942 | D:8      | Reached skill level 12 in Unarmed Combat
  6073 | D:8      | Reached skill level 5 in Throwing
  6278 | D:8      | Found a bloodstained altar of Trog.
  6350 | D:8      | Noticed Grum
  6379 | D:8      | Killed Grum
  6673 | D:9      | Noticed a hill giant
  6680 | D:9      | Killed a hill giant
  6753 | D:9      | Received a gift from Okawaru
  6753 | D:9      | Reached skill level 5 in Shields
  6759 | D:9      | Reached XP level 11. HP: 77/105 MP: 10/10
  6772 | D:9      | Reached ****** piety under Okawaru
  6845 | D:9      | Reached skill level 13 in Unarmed Combat
  7154 | D:9      | Found Jailamib's Antique Armour Emporium.
  7269 | D:10     | Entered Level 10 of the Dungeon
  7403 | D:10     | Found Hinaez Jauge's Food Emporium.
  7576 | D:10     | Noticed Sonja
  7584 | D:10     | Killed Sonja
  7584 | D:10     | Received a gift from Okawaru
  7684 | D:10     | Reached skill level 1 in Invocations
  7702 | D:10     | Noticed a deep elf archer
  7756 | D:10     | Killed a deep elf archer
  7756 | D:10     | Received a gift from Okawaru
  8274 | D:11     | Received a gift from Okawaru
  8536 | D:11     | Received a gift from Okawaru
  8543 | D:11     | Reached skill level 1 in Armour
  8621 | D:11     | Found a staircase to the Lair.
  8765 | D:11     | Killed an unseen horror
  8826 | D:11     | Noticed a hill giant
  8834 | D:11     | Killed a hill giant
  9136 | D:12     | Noticed Fannar
  9150 | D:12     | Killed Fannar
  9150 | D:12     | Received a gift from Okawaru
  9157 | D:12     | Got a sheer robe {god gift}
  9234 | D:12     | Reached XP level 12. HP: 82/115 MP: 11/13
  9326 | D:12     | Identified the +2 robe "Hisesk" {rF+ Stlth+} (Okawaru gifted it to you on level 12 of the Dungeon)
  9360 | D:12     | Found a frozen archway.
  9381 | IceCv    | Entered an ice cave
  9465 | IceCv    | Reached skill level 14 in Unarmed Combat
  9994 | IceCv    | Noticed a death yak
 10010 | IceCv    | Killed a death yak
 10059 | IceCv    | Noticed a frost giant
 10059 | IceCv    | Noticed a death yak
 10072 | IceCv    | Killed a death yak
 10103 | IceCv    | Killed a frost giant
 10103 | IceCv    | Received a gift from Okawaru
 10113 | IceCv    | Got a jewelled cloak {god gift}
 10133 | IceCv    | Got a scorched amber ring
 10147 | IceCv    | Identified the +0 cloak of Recklessness {Regen+ Dex+3} (Okawaru gifted it to you in an ice cave)
 10157 | IceCv    | Identified the ring "Tecloim" {*Drain rPois Str+5 SInv Stlth+} (You found it in an ice cave)
 10658 | D:12     | Found a staircase to the Orcish Mines.
 10856 | D:12     | Reached XP level 13. HP: 102/124 MP: 15/15
 11183 | D:13     | Reached skill level 5 in Invocations
 11223 | D:13     | Reached skill level 15 in Unarmed Combat
 11335 | D:13     | Noticed Nessos
 11339 | D:13     | Killed Nessos
 11733 | D:13     | Found Veamp's Antique Armour Shop.
 11869 | D:14     | Noticed Rupert
 11871 | D:14     | Paralysed by Rupert for 4 turns
 11885 | D:14     | Killed Rupert
 11891 | D:14     | Received a gift from Okawaru
 12077 | D:14     | Received a gift from Okawaru
 12086 | D:14     | Got a thick robe {god gift}
 12223 | D:14     | Noticed Kirke
 12257 | D:14     | HP: 3/127 [harpy[Kirke] (18)]
 12257 | D:14     | Slain by a harpy

Vault maps used:
D:1:      dpeg_arrival_subterranean_lakeside_camping
D:2:      first_bread, okawaru_ov_weapons_minmay
D:3:      marbit_many_paths, cheibriados_altar_1
D:4:      zin_scriptorium
D:5:      lexackson_kobold_supper
D:6:      kennysheep_steamy, old_standard_altar, serial_shops,
          nicolae_shop_behind_doors, kennysheep_little_box, shop,
          kennysheep_mini_moat, shop
D:7:      lemuel_doored_altar, serial_glass, glass_columns_a, glass_columns_a,
          serial_shops, kennysheep_mini, serial_bayou_lagoon_b
D:8:      cheibrodos_helix_gallery, hangedman_little_slice_of_home,
          trog_three_pillars_becter, uniq_maurice, uniq_gastronok, uniq_grum
D:9:      serial_shops, nicolae_shop_overgrown_old_shop
D:10:     serial_shops, shop, kennysheep_just_a_vault, uniq_sonja
D:11:     grunt_lair_entry_orc_guard_hut
D:12:     erik_orc_3, portal_ice_cave_entry_pillars_1, uniq_fannar
D:13:     serial_shops, shop, uniq_nessos
D:14:     david_vaults_1, serial_bayou_pond_e, uniq_rupert, uniq_kirke
IceCv:    ice_cave_caverns_01

Skill      XL: |  1  2  3  4  5  6  7  8  9 10 11 12 13 |
---------------+----------------------------------------+-----
Unarmed Combat | 4 5 6 8 9 10 11 12 13 14 15 | 15.4
Throwing       | 2 4 5 7 8 |  8.6
Shields        | 2 3 5 6 7 |  7.5
Fighting       | 3 4 5 6 7 8 |  8.0
Invocations    | 3 4 5 |  5.6
Armour         | 2 3 4 |  4.8
Dodging        | |  2.4
Stealth        | |  1.0

Action                   |  1- 3 |  4- 6 |  7- 9 | 10-12 | 13-15 || total
-------------------------+-------+-------+-------+-------+-------++-------
Melee: Unarmed           |    84 |   134 |   219 |   733 |   191 ||  1361
       Punch             |     1 |       |       |       |       ||     1
Throw: Tomahawk          |       |     2 |     2 |    36 |     5 ||    45
       Javelin           |       |       |       |    13 |     4 ||    17
       Large rock        |       |       |       |       |     6 ||     6
Invok: Heroism           |       |     1 |     3 |    13 |     3 ||    20
       Finesse           |       |       |       |       |     2 ||     2
Evoke: Wand              |       |       |       |     2 |       ||     2
  Use: Scroll            |     5 |     7 |     8 |    10 |       ||    30
       Potion            |       |       |     2 |     2 |     2 ||     6
 Stab: Sleeping          |     4 |     7 |     5 |     2 |     3 ||    21
       Distracted        |       |       |     1 |     3 |       ||     4
  Eat: Chunk             |    16 |    20 |    21 |    51 |    13 ||   121
Armor: Robe              |    19 |    30 |    42 |   111 |       ||   202
       Skin              |       |       |       |    23 |       ||    23
       Troll leather arm |       |       |       |    43 |    29 ||    72
Dodge: Dodged            |    38 |    34 |    72 |   225 |    56 ||   425
Block: Shield            |    19 |    38 |    68 |   328 |    55 ||   508
